 Dungeon Crawl Stone Soup version 0.25.1-2-g60ff931df9 (webtiles) character file.

Game seed: 17722691797053260257

21 Ethylacetat the Chiller (level 2, -1/22 HPs)
             Began as a Naga Ice Elementalist on Aug 16, 2020.
             Slain by Terence
             ... wielding a +0 trident
              (6 damage)
             ... on level 2 of the Dungeon on Aug 20, 2020.
             The game lasted 00:06:18 (1199 turns).

Ethylacetat the Chiller (Naga Ice Elementalist)     Turns: 1199, Time: 00:06:19

Health: -1/22      AC:  1    Str: 10    XL:     2   Next: 83%
Magic:  5/5        EV: 10    Int: 15    God:
Gold:   55         SH:  0    Dex: 11    Spells: 4/5 levels left

rFire    . . .     SeeInvis +   h - +0 club
rCold    + . .     Gourm    .   (no shield)
rNeg     . . .     Faith    .   a - +0 robe
rPois    +         Spirit   .   (no helmet)
rElec    .         Reflect  .   (no cloak)
rCorr    .         Harm     .   (no gloves)
MR       .....                  (no barding)
Stlth    ++........             (no amulet)
HPRegen  0.07/turn              j - ring of protection from cold
MPRegen  0.09/turn              (no ring)

@: very slow
A: large, see invisible, deformed body, poison resistance, slowness 2, slow
metabolism 1, spit poison 1, AC +0
a: Spit Poison


You were on level 2 of the Dungeon.
You were hungry.

You visited 1 branch of the dungeon, and saw 2 of its levels.

You collected 55 gold pieces.

Inventory:

Hand Weapons
 h - a +0 club (weapon)
Armour
 a - a +0 robe (worn)
Jewellery
 j - a ring of protection from cold (left hand)
Scrolls
 b - 2 scrolls of amnesia {unknown}
 e - a scroll of immolation {unknown}
 f - 2 scrolls of fear {unknown}
Potions
 d - 3 potions of curing {unknown}
 i - a potion of cancellation {unknown}
Comestibles
 c - 3 rations


   Skills:
 - Level 1.5 Dodging
 - Level 3.0 Stealth
 + Level 2.2 Spellcasting
 * Level 4.6 Ice Magic


You had 4 spell levels left.
You knew the following spells:

 Your Spells              Type           Power        Failure   Level  Hunger
a - Freeze                Ice            ###.         3%          1    #......

Your spell library contained the following spells:

 Spells                   Type           Power        Failure   Level  Hunger
 Frozen Ramparts          Ice            ###...       10%         3    ###....
 Ozocubu's Armour         Chrm/Ice       #.......     26%         3    ###....
 Hailstorm                Conj/Ice       #.......     63%         4    #####..
 Summon Ice Beast         Ice/Summ       #.......     63%         4    #####..


Dungeon Overview and Level Annotations

Branches:
Dungeon (2/15)

Altars:

Annotations:
D:2 Terence


Innate Abilities, Weirdness & Mutations

You cannot wear boots.
Your serpentine skin is tough. (AC +0)
You have supernaturally acute eyesight. (SInv)
Armour fits poorly on your strangely shaped body.
Your system is resistant to poisons. (rPois)
You cover ground very slowly.
You have a slow metabolism.
You can spit poison.


Message History

You now have 55 gold pieces (gained 9).
Found a stone staircase leading down.
Terence the Incautious comes into view.
He is wielding a +0 trident and carrying a wand of digging (3).
A rat comes into view.
Terence shouts!
Terence hits you from afar with a +0 trident!
Found a stone staircase leading down.
Terence zaps a wand.
Some rock shatters into small pieces.
Terence zaps a wand.
You hear a grinding noise.
Terence hits you from afar with a +0 trident.
Terence hits you from afar with a +0 trident.
* * * LOW HITPOINT WARNING * * *
You hear a zap.
Some rock shatters into small pieces.
Terence barely misses you.
Terence shouts, "Get ready for death!"
Terence barely misses you.
Terence hits you from afar with a +0 trident.
You die...

.................#
...###.#.....##.### #.#
#..#.........
###.###.##.#.......
..............##.##
.....@#....#..##.######.
#....##.##.#............
#....##.......@.........
..............##@######
#....#####.##.##.#
#....# #.##.##.# #....#
#.##r##.### ######
#..........# #
#.##.##.#### # #.##.##.#
# ........? # ##......


You could see Terence.

Vanquished Creatures
  An ooze (D:1)
  A leopard gecko (D:1)
  A ball python (D:1)
  A giant cockroach (D:1)
  A goblin (D:1)
  5 bats
  A frilled lizard (D:1)
  A kobold (D:1)
  4 rats (D:1)
16 creatures vanquished.

Notes
Turn   | Place    | Note
-------+----------+-------------------------------------------
     0 | D:1      | Ethylacetat the Naga Ice Elementalist began the quest for
                  | the Orb.
     0 | D:1      | Reached XP level 1. HP: 15/15 MP: 3/3
   388 | D:1      | Reached XP level 2. HP: 22/22 MP: 5/5
  1167 | D:2      | Noticed Terence
  1199 | D:2      | Slain by Terence

Illustrated notes

Levels and vault maps discovered:
D:1:      dpeg_arrival_round_a, layout_basic, hex_intersection
D:2:      layout_basic, first_ration, uniq_terence, uniq_jessica

Action                   || total
-------------------------++-------
Melee: Unarmed           ||    29
       Club              ||    11
 Cast: Freeze            ||    15
 Abil: Spit Poison       ||     7
Armor: Robe              ||    21
Dodge: Dodged            ||    35
